 Dungeon Crawl Stone Soup version 0.15-a0-39-g424acf8 (webtiles) character file.

244733 Herrn the Warrior (level 18, -12/169 HPs)
             Began as a Minotaur Fighter on Apr 2, 2014.
             Was a High Priest of Okawaru.
             Killed from afar by a deep elf annihilator (49 damage)
             ... with a crystal spear
             ... on Level 3 of the Elven Halls on Apr 3, 2014.
             The game lasted 05:44:25 (51177 turns).

Herrn the Warrior (Minotaur Fighter)               Turns: 51177, Time: 05:44:26

HP -12/169       AC 35     Str 34      XL: 18   Next: 73%
MP  30/31        EV 23     Int  9      God: Okawaru [*****.]
Gold 438         SH 39     Dex 24      Spells:  4 memorised,  9 levels left

rFire  + . .     SeeInvis .     Z - +7,+0 demon blade (elec)
rCold  + . .     Clarity  +     V - +5 plate armour {MR+}
rNeg   + . .     Conserve +     J - +2 shield {rC+}
rPois  +         rCorr    .     a - +0 hat
rElec  .         rRot     .     e - +2 cloak of Qeotynu {Str+3 Dex-2}
SustAb . .       Spirit   .     f - +2 pair of gloves
rMut   .         Warding  .     t - +3 pair of boots "Wisis" {rF+ Dex+3 Stlth--}
Saprov . . .     Stasis   .     m - amulet "Hosauc" {Cons Dex+3 Int+3 Acc+2}
MR     ++...                    T - ring "Hivuiwka" {rPois Str+5 Int+1 Curse}
                                i - ring of positive energy

@: mighty, heroism, finesse, drained, very resistant to hostile enchantments,
extremely unstealthy
A: retaliatory headbutt, horns 2, thin skeletal structure 1, camouflage 1,
berserk 1, clarity, mutation resistance 1, spit poison 1
a: Spit Poison, Heroism, Finesse, Renounce Religion
}: 2/15 runes: barnacled, gossamer


You were on level 3 of the Elven Halls.
You worshipped Okawaru.
Okawaru was extremely pleased with you.
You were not hungry.

You visited 7 branches of the dungeon, and saw 40 of its levels.
You visited 1 bazaar.
You also visited: Labyrinth and Volcano.

You collected 3949 gold pieces.
You spent 3511 gold pieces at shops.

Inventory:

Hand weapons
 B - a +4,+3 falchion of holy wrath
 W - a +4,+1 scimitar of flaming
 Z - a +7,+0 demon blade of electrocution (weapon)
Armour
 a - a +0 hat (worn)
 e - the +2 cloak of Qeotynu (worn) {Str+3 Dex-2}
   (You acquired it on level 2 of the Elven Halls)

   It affects your strength (+3).
   It affects your dexterity (-2).
 f - a +2 pair of gloves (worn)
 l - a +1 pair of boots of flying
 q - the +0 pair of boots of Abstinence {rC++ rN+ Dex-3 SInv}
   (Okawaru gifted it to you on level 2 of the Shoals)

   It affects your dexterity (-3).
   It greatly protects you from cold.
   It protects you from negative energy.
   It enhances your eyesight.
 t - the +3 pair of boots "Wisis" (worn) {rF+ Dex+3 Stlth--}
   (You bought it in a shop on level 4 of the Orcish Mines)

   It affects your dexterity (+3).
   It protects you from fire.
   It makes you much less stealthy.
 J - a +2 shield of cold resistance (worn)
 V - a +5 plate armour of magic resistance (worn)
Magical devices
 s - a wand of teleportation (2)
 D - a wand of teleportation (2)
 H - a wand of heal wounds (5)
 I - a wand of disintegration (23)
 M - a wand of digging (24)
Comestibles
 h - 3 pieces of ambrosia
 p - 11 meat rations
 U - 12 cheeses
 Y - 10 bread rations
Scrolls
 c - 13 scrolls of remove curse
 k - a scroll of blinking
 x - 11 scrolls of teleportation
 y - 2 scrolls of magic mapping
 C - 3 scrolls of identify
Jewellery
 d - an uncursed ring of protection from fire
 i - a ring of positive energy (left hand)
 m - the amulet "Hosauc" (around neck) {Cons Dex+3 Int+3 Acc+2}
   (You acquired it in a bazaar)

   [amulet of conservation]

   It affects your intelligence (+3).
   It affects your dexterity (+3).
   It affects your accuracy with ranged weapons and melee attacks (+2).
 u - an uncursed amulet of clarity
 v - an uncursed ring of regeneration
 E - a +5 ring of evasion
 G - an uncursed ring of protection from magic
 L - an uncursed amulet of faith {unknown}
 R - an uncursed ring of sustain abilities
 T - the ring "Hivuiwka" (right hand) {rPois Str+5 Int+1 Curse}
   (You found it on level 11 of the Dungeon)

   [ring of poison resistance]

   It affects your strength (+5).
   It affects your intelligence (+1).
   It may recurse itself when equipped.
Potions
 n - 7 potions of brilliance
 o - 15 potions of curing
 r - a potion of resistance
 z - 4 potions of restore abilities
 K - a potion of heal wounds
 O - 2 potions of berserk rage
 Q - 2 potions of agility
Books
 g - a tome of Destruction
 j - a book of the Dragon

   Spells                             Type                      Level
   Flight                             Charms/Air                   3
   Cause Fear                         Hexes                        4
   Bolt of Fire                       Conjuration/Fire             6
   Dragon Form                        Transmutation                7
   *Dragon's Call                     Summoning                    9
 N - a Grand Grimoire {highlevel}

   This book is beyond your current level of understanding.

   Spells                             Type                      Level
   Aura of Abjuration                 Summoning                    6
   Forceful Dismissal                 Summoning                    6
   Haunt                              Necromancy/Summoning         7
   Summon Greater Demon               Summoning                    7
   Malign Gateway                     Summoning/Translocation      7
   Summon Horrible Things             Summoning                    8
 X - a book of the Warp

   Spells                             Type                      Level
   Control Teleport                   Charms/Translocation         4
   *Phase Shift                       Translocation                5
   Warp Weapon                        Charms/Translocation         5
   *Summon Forest                     Summoning/Translocation      5
   Dispersal                          Translocation                6
   *Controlled Blink                  Translocation                7
   Disjunction                        Translocation                8
Miscellaneous
 b - a fan of gales
 w - a crystal ball of energy
 F - a stone of tremors
 P - a disc of storms
 S - a lamp of fire


   Skills:
 * Level 17.1(21.1) Fighting
 + Level 17.1(21.1) Long Blades
 + Level 13.5(17.5) Armour
 + Level 11.8(15.9) Dodging
 + Level 16.2(20.2) Shields
 * Level 9.4(8.6) Spellcasting
 * Level 2.2(1.5) Summonings
 * Level 8.4(7.6) Translocations
 - Level 7.0(6.2) Invocations
 - Level 5.0(4.3) Evocations


You had 9 spell levels left.
You knew the following spells:

 Your Spells              Type           Power        Failure   Level  Hunger
a - Controlled Blink      Tloc           N/A          100%        7    #######
b - Phase Shift           Tloc           ###.......   73%         5    #####..
c - Dragon's Call         Summ           #.........   100%        9    #######
d - Summon Forest         Summ/Tloc      ##........   99%         5    #####..


Dungeon Overview and Level Annotations

Branches:
Dungeon (14/15)            Temple (1/1) D:5             Orc (4/4) D:12
    Elf (3/3) Orc:3          Lair (8/8) D:10         Shoals (5/5) Lair:5
 Spider (5/5) Lair:3        Slime (0/6) Lair:8       Vaults (0/5) D:14

Altars:
Ashenzari
Cheibriados
Dithmenos
Elyvilon
Fedhas
Okawaru
Sif Muna
Trog
Xom
Yredelemnul
Zin
The Shining One
Beogh
Jiyva

Shops:
D:7 %   D:13 %   D:14 **%[   Orc:4 *=*[=   Elf:2 (!?:%


Innate Abilities, Weirdness & Mutations

You reflexively headbutt those who attack you in melee.
You have a pair of horns on your head.
You have a somewhat thin skeletal structure (Dex +2, Stealth).
Your skin changes colour to match your surroundings (Stlth).
You tend to lose your temper in combat.
You possess an exceptional clarity of mind.
You are somewhat resistant to further mutation.
You can spit poison.


Message History

You completely miss the hellwing.
The hellwing is almost dead.
The deep elf annihilator casts a spell.
The deep elf annihilator blinks!
You barely miss the hellwing. You headbutt the hellwing.
You kill the hellwing!
Found a scroll of identify.
Things that are here:
a dagger; a chain mail; an elf corpse; an ivory ring The sun demon shouts!
You see here a plain deck of cards.
You block the sun demon's attack.
The deep elf high priest closely misses you.
The sun demon closely misses you. You block the red devil's attack.
A deep elf master archer comes into view.
There is an open door here.
You block the deep elf high priest's attack.
The deep elf annihilator points at you and mumbles some strange words.
The crystal spear hits you!
You die...

#.# ##.......# #.#
#........# #.#
#........#
..###........#
...##........#
############## #
### # ##[/$(######
# ?$)$?$[e)@e# #
####.$$($??}##3# #
3..4# #?$?$###..#
#.......####
#...4# e..e..ee
#.....##
.................#
....... ...e....##
##..... ........#
# .#... ......##


You could see a deep elf annihilator, a sun demon, a deep elf high priest and a
red devil.

Vanquished Creatures
  Mara (twice) (Shoals:3)
  2 player illusions (Shoals:3)
  An eldritch tentacle (Lair:5)
  Frances (Spider:5)
  Kirke (Shoals:5)
  Ilsuiw (Shoals:5)
  Wiglaf (Elf:2)
  Maud (Spider:1)
  4 ghost moths
  Louise (D:14)
  2 deep elf sorcerers
  7 emperor scorpions
  Gastronok (Orc:4)
  A deep elf annihilator (Elf:3)
  Azrael (Elf:1)
  The ghost of marcus the Severer, a powerful LOFi of Makhleb (D:14)
  3 deep elf death magi (Elf:3)
  8 vault guards (D:14)
  Snorg (Lair:5)
  4 merfolk javelineers (Shoals:5)
  A minotaur (Lab)
  10 merfolk impalers
  The ghost of mar5o the Fighter, a powerful LOFi of Beogh (Orc:2)
  4 sirens
  A ravenous feature mimic (Bazaar)
  4 hydras
  2 merfolk aquamancers
  Erica (D:11)
  2 alligator snapping turtles (Shoals:5)
  4 satyrs
  5 orc high priests (Orc:4)
  Urug (Elf:1)
  2 spectral elves (Elf:3)
  2 centaur warriors (D:13)
  4 deep elf knights
  2 catoblepae
  A hell knight (Volcano)
  13 sea snakes
  4 deep elf summoners
  2 unseen horrors
  13 orb spiders
  8 orc knights
  7 water nymphs
  8 hill giants
  12 harpies
  8 deep elf conjurers
  An orc sorcerer (Orc:1)
  7 griffons
  29 wolf spiders
  6 fauns
  8 cyclopes
  A small abomination (Elf:2)
  7 manticores
  2 moths of wrath
  9 red wasps
  Maurice (D:8)
  3 elephants (Lair:7)
  7 mermaids
  2 molten gargoyles (Volcano)
  A tormentor (Elf:3)
  4 black mambas
  27 spiny frogs
  2 feature mimics
  An orange demon (D:14)
  A gargoyle (D:11)
  Psyche (D:8)
  4 kobold demonologists
  3 fire drakes
  A queen ant (Spider:4)
  14 demonic crawlers
  A hellwing (Elf:3)
  2 tengu conjurers (D:13)
  5 trolls
  A red devil (Volcano)
  25 jumping spiders
  47 merfolk
  A freezing wraith (D:14)
  5 deep elf priests
  A polar bear (Lair:5)
  4 komodo dragons
  3 ravens (D:13)
  9 snapping turtles
  17 blink frogs
  A giant leech (Lair:8)
  A two-headed ogre (D:10)
  2 boulder beetles (Spider:5)
  A hydra skeleton (D:11)
  A griffon zombie (D:11)
  5 basilisks
  2 wind drakes
  3 slime creatures (D:12)
  59 yaks
  21 water elementals
  A wraith (D:14)
  A shadow (D:14)
  A toenail golem (Volcano)
  17 trapdoor spiders
  21 deep elf magi
  20 tarantellas
  A hill giant zombie (D:12)
  5 hogs (Shoals:5)
  45 redbacks
  A spriggan (shapeshifter) (Elf:3)
  2 wyverns (D:10)
  Eustachio (D:7)
  25 sharks
  Grum (Orc:4)
  A chaos spawn (D:12)
  A steam dragon (D:14)
  11 deep elf fighters
  12 hippogriffs
  17 vampire mosquitoes
  9 wolves
  6 fire elementals (Elf:1)
  24 ugly things
  A warg (D:12)
  22 soldier ants
  3 hell hounds
  2 mottled dragons
  12 water moccasins
  A phantom (D:9)
  3 porcupines
  31 orc warriors
  23 spiders
  2 sky beasts (D:11)
  3 ice beasts
  6 yellow wasps
  An orc zombie (D:13)
  10 giant goldfish
  6 boring beetles
  A black bear (D:11)
  12 ogres
  9 lava worms (Volcano)
  Sigmund (D:3)
  6 big kobolds
  15 crocodiles
  25 giant frogs
  8 centaurs
  A gnoll sergeant (D:9)
  14 giant slugs
  9 scorpions
  A cyclops skeleton (D:13)
  7 electric eels
  4 killer bees (D:9)
  5 wights (D:13)
  A goliath beetle (Spider:5)
  8 hounds
  37 orc priests
  3 lava snakes
  7 crimson imps
  A yellow wasp zombie (D:5)
  7 iguanas
  A centaur skeleton (D:7)
  37 orc wizards
  An elf skeleton (D:11)
  2 orange rats
  An iron imp (D:7)
  7 big fish
  33 worker ants
  27 sheep
  Jessica (D:3)
  2 hound zombies
  Terence (D:3)
  A hound skeleton (D:4)
  A worker ant zombie (D:6)
  79 green rats
  19 adders
  8 gnolls
  3 giant mites
  3 shadow imps
  An ufetubus (D:7)
  4 worms
  An adder skeleton (D:4)
  3 orc skeletons
  3 giant eyeballs
  3 oozes
  229 orcs
  2 ball pythons
  A bat zombie (D:7)
  10 giant cockroaches
  29 goblins
  16 hobgoblins
  10 jackals
  15 bats
  6 giant geckos
  5 giant newts
  A giant spore (D:11)
  A goblin skeleton (D:4)
  A hobgoblin skeleton (D:6)
  A hobgoblin zombie (D:7)
  40 kobolds
  A kobold zombie (D:5)
  14 quokkas
  A quokka skeleton (D:4)
  32 rats
  A rat skeleton (D:7)
  A ballistomycete (D:11)
  4 fungi
  6 plants
1725 creatures vanquished.

Vanquished Creatures (others)
  An orb spider (Spider:5)
  5 drowned souls (Shoals:4)
  A jumping spider (Spider:2)
  A deep elf mage (Elf:1)
  A yellow wasp (Spider:5)
  An orc wizard (Orc:3)
  An orc (D:11)
  A giant spore (D:8)
  2 fungi
  5 plants
19 creatures vanquished.

Grand Total: 1744 creatures vanquished

Notes
Turn   | Place    | Note
--------------------------------------------------------------
     0 | D:1      | Herrn, the Minotaur Fighter, began the quest for the Orb.
     0 | D:1      | Reached XP level 1. HP: 19/19 MP: 1/1
    79 | D:1      | Reached skill level 4 in Fighting
   163 | D:1      | Reached XP level 2. HP: 22/27 MP: 1/1
   797 | D:2      | Reached XP level 3. HP: 32/34 MP: 2/2
  1043 | D:2      | Reached skill level 5 in Fighting
  1043 | D:2      | Reached skill level 1 in Spellcasting
  1151 | D:2      | Reached XP level 4. HP: 33/42 MP: 3/3
  1426 | D:2      | Found a bloodstained altar of Trog.
  1714 | D:3      | Noticed Terence
  1731 | D:3      | Killed Terence
  2083 | D:3      | Noticed Jessica
  2100 | D:3      | Killed Jessica
  2100 | D:3      | Reached XP level 5. HP: 48/48 MP: 4/4
  2439 | D:3      | Noticed Sigmund
  2444 | D:3      | Killed Sigmund
  2444 | D:3      | Reached skill level 1 in Dodging
  2444 | D:3      | Reached XP level 6. HP: 57/57 MP: 6/6
  2683 | D:4      | Reached skill level 6 in Fighting
  3021 | D:4      | Reached skill level 5 in Shields
  3174 | D:4      | Reached XP level 7. HP: 63/63 MP: 6/8
  3489 | D:5      | Entered Level 5 of the Dungeon
  3585 | D:5      | Found a staircase to the Ecumenical Temple.
  3592 | Temple   | Entered the Ecumenical Temple
  3618 | Temple   | Became a worshipper of Warmaster Okawaru
  3871 | D:5      | Found a basalt altar of Yredelemnul.
  3920 | D:5      | Reached skill level 5 in Armour
  5105 | D:6      | Reached skill level 5 in Long Blades
  5105 | D:6      | Reached XP level 8. HP: 71/71 MP: 9/9
  5338 | D:7      | Found Juigaa's Food Shop.
  5353 | D:7      | Found a flagged portal.
  5363 | D:7      | the flagged portal was a mimic.
  5373 | D:7      | Killed a portal mimic
  5373 | D:7      | Reached skill level 7 in Fighting
  5645 | D:7      | Acquired Okawaru's first power
  5681 | D:7      | Noticed Eustachio
  5727 | D:7      | Killed Eustachio
  5770 | D:7      | Paralysed by a giant eyeball for 4 turns
  5776 | D:7      | Paralysed by a giant eyeball for 2 turns
  6041 | D:8      | Noticed Maurice
  6061 | D:8      | Paralysed by something for 4 turns
  6067 | D:8      | Paralysed by something for 7 turns
  6084 | D:8      | Killed Maurice
  6084 | D:8      | Reached XP level 9. HP: 61/80 MP: 13/13
  6335 | D:8      | Noticed Psyche
  6345 | D:8      | Paralysed by Psyche for 2 turns
  6348 | D:8      | Killed Psyche
  6348 | D:8      | Reached skill level 8 in Fighting
  6348 | D:8      | Reached skill level 5 in Dodging
  7125 | D:9      | Found a glowing silver altar of Zin.
  7666 | D:10     | Entered Level 10 of the Dungeon
  7701 | D:10     | Reached skill level 1 in Invocations
  8303 | D:10     | Reached XP level 10. HP: 40/90 MP: 15/15
  8550 | D:10     | Found a staircase to the Lair.
  8551 | D:10     | Paralysed by a yellow wasp for 2 turns
  9180 | D:10     | Reached skill level 9 in Fighting
  9429 | D:10     | Identified a scroll of acquirement
  9433 | D:10     | Upgraded the game from 0.15-a0-35-ga771cbd to 0.15-a0-39-g424acf8
  9673 | D:11     | Got a sparkling ivory ring
  9837 | D:11     | Noticed Erica
  9851 | D:11     | Noticed an ice devil
  9865 | D:11     | Killed Erica
  9942 | D:11     | Noticed a hill giant
  9947 | D:11     | Killed a hill giant
  9947 | D:11     | Reached XP level 11. HP: 95/97 MP: 18/18
  9949 | D:11     | Acquired Okawaru's second power
 10293 | D:11     | Received a gift from Okawaru
 10750 | D:12     | Found an iron altar of Okawaru.
 10862 | D:12     | Killed an unseen horror
 11090 | D:12     | Found a glowing silver altar of Zin.
 11111 | D:12     | Reached skill level 5 in Invocations
 11127 | D:12     | Reached skill level 10 in Fighting
 11179 | D:12     | Reached skill level 5 in Spellcasting
 11180 | D:12     | Found a staircase to the Orcish Mines.
 11746 | D:12     | Reached skill level 10 in Shields
 11757 | D:12     | Received a gift from Okawaru
 11823 | D:12     | Noticed a hill giant
 11833 | D:12     | Killed a hill giant
 12080 | D:12     | Noticed a hill giant
 12087 | D:12     | Killed a hill giant
 12413 | D:12     | Reached XP level 12. HP: 81/107 MP: 21/21
 12533 | D:12     | Got a bloodstained mace
 12540 | D:12     | Identified the +1,+5 mace of Deraan {flame, rC++ MR++ Str-2 Stlth-} (You found it on level 12 of the Dungeon)
 12865 | D:13     | Reached skill level 10 in Long Blades
 13129 | D:13     | Found Weuwe's Food Shop.
 14057 | D:13     | Reached skill level 11 in Fighting
 14122 | D:13     | Reached skill level 10 in Armour
 14537 | D:13     | Received a gift from Okawaru
 14538 | D:13     | Got a dazzling sling {god gift}
 14539 | D:13     | Identified the +9,+8 sling of Kluisaus {speed, rF+} (Okawaru gifted it to you on level 13 of the Dungeon)
 14643 | D:14     | Noticed marcus' ghost (powerful LOFi)
 14645 | D:14     | Noticed Louise
 14658 | D:14     | Killed marcus' ghost
 14668 | D:14     | Killed Louise
 14726 | D:14     | Found Mnuqauc's Food Emporium.
 14985 | D:14     | Found Ecufuc's Assorted Antiques.
 14994 | D:14     | Bought a scroll labeled BRI GAIRHI GHI for 30 gold pieces
 15574 | D:14     | Reached XP level 13. HP: 70/116 MP: 23/23
 15777 | D:14     | Got a crystal hand axe
 15798 | D:14     | Found Khael's Antique Armour Emporium.
 15804 | D:14     | Bought an ancient scale mail for 234 gold pieces
 15822 | D:14     | Identified the cursed +4 scale mail of Decompression {rElec Int+2} (You bought it in a shop on level 14 of the Dungeon)
 15912 | D:14     | Noticed a vault guard
 15912 | D:14     | Noticed a vault guard
 15912 | D:14     | Noticed a vault guard
 15913 | D:14     | Noticed a vault guard
 15913 | D:14     | Found a gate to the Vaults.
 15913 | D:14     | Noticed a vault guard
 15914 | D:14     | Noticed a vault guard
 15914 | D:14     | Noticed a vault guard
 15914 | D:14     | Noticed a vault guard
 15933 | D:14     | Killed a vault guard
 15943 | D:14     | Killed a vault guard
 15949 | D:14     | Killed a vault guard
 15959 | D:14     | Killed a vault guard
 15965 | D:14     | Killed a vault guard
 15984 | D:14     | Killed a vault guard
 15996 | D:14     | Killed a vault guard
 16012 | D:14     | Killed a vault guard
 16172 | D:14     | Received a gift from Okawaru
 16551 | D:14     | Found Woalosch's General Store.
 16843 | D:12     | Reached skill level 12 in Fighting
 16881 | Orc:1    | Entered Level 1 of the Orcish Mines
 17139 | Orc:1    | Learned a level 7 spell: Controlled Blink
 17426 | Orc:1    | Identified the cursed +1,+3 hand axe of the Toadstool {chop, +Inv rF+} (You found it on level 14 of the Dungeon)
 18207 | Orc:2    | Noticed mar5o's ghost (powerful LOFi)
 18229 | Orc:2    | Killed mar5o's ghost
 18302 | Orc:2    | Found a roughly hewn altar of Beogh.
 19008 | Orc:3    | Reached skill level 1 in Translocations
 19528 | Orc:3    | Found a staircase to the Elven Halls.
 19856 | Orc:4    | Entered Level 4 of the Orcish Mines
 19856 | Orc:4    | Noticed Gastronok
 19896 | Orc:4    | Killed Gastronok
 20170 | Orc:4    | Found a roughly hewn altar of Beogh.
 20310 | Orc:4    | Found Ytezil's Assorted Antiques.
 20339 | Orc:4    | Noticed Grum
 20354 | Orc:4    | Killed Grum
 21298 | Orc:4    | Reached XP level 14. HP: 127/127 MP: 25/25
 21389 | Orc:4    | HP: 6/127 [orc warrior/hand axe (8)]
 22167 | Orc:4    | Found Mietayku's Jewellery Emporium.
 22168 | Orc:4    | Found Mainlasu's General Store.
 22168 | Orc:4    | Found Pluxt's Armour Emporium.
 22169 | Orc:4    | Found Thrady's Jewellery Emporium.
 22179 | Orc:4    | Received a gift from Okawaru
 22209 | Orc:4    | Bought the +3 pair of boots "Wisis" {rF+ Dex+3 Stlth--} for 676 gold pieces
 22237 | Orc:4    | Learned a level 5 spell: Phase Shift
 22348 | Orc:4    | Bought an iridescent falchion for 256 gold pieces
 22349 | Orc:4    | Identified the cursed +2,-4 falchion of Experimentation {slice, rElec rC++ Int+2} (You bought it in a shop on level 4 of the Orcish Mines)
 22493 | Lair:1   | Entered Level 1 of the Lair of Beasts
 22535 | Lair:1   | Found a labyrinth entrance.
 22544 | Lab      | Entered a labyrinth
 23095 | Lab      | Reached skill level 13 in Fighting
 23116 | Lab      | Got a polished ring mail
 23132 | Lab      | Identified the cursed +1 ring mail of the Realm of Zot {MR++} (You found it in a labyrinth)
 24166 | Lair:1   | Reached skill level 1 in Evocations
 25102 | Lair:3   | Found a basalt altar of Yredelemnul.
 25471 | Lair:3   | Found a hole to the Spider Nest.
 25835 | Lair:4   | Reached skill level 10 in Dodging
 25860 | Lair:4   | Found a dark tunnel.
 26011 | Volcano  | Entered a volcano
 26106 | Volcano  | Found a bloodstained altar of Trog.
 27529 | Lair:5   | Noticed Snorg
 27544 | Lair:5   | Killed Snorg
 27667 | Lair:5   | Found a staircase to the Shoals.
 27857 | Lair:5   | Found a bloodstained altar of Trog.
 28429 | Lair:6   | Received a gift from Okawaru
 28633 | Lair:6   | Reached XP level 15. HP: 129/136 MP: 26/26
 29998 | Lair:7   | Identified the ring "Hivuiwka" {rPois Str+5 Int+1 Curse} (You found it on level 11 of the Dungeon)
 30333 | Lair:7   | Received a gift from Okawaru
 30336 | Lair:7   | Got a jasper-encrusted plate armour {god gift}
 30354 | Lair:7   | Identified the -9 plate armour of the Lion {rC+} (Okawaru gifted it to you on level 7 of the Lair of Beasts)
 30543 | Lair:8   | Entered Level 8 of the Lair of Beasts
 30565 | Lair:8   | Reached skill level 14 in Long Blades
 30741 | Lair:8   | Found a staircase to the Slime Pits.
 30744 | Lair:8   | Reached skill level 5 in Evocations
 31246 | Lair:8   | Reached skill level 5 in Translocations
 31656 | Lair:8   | Found a viscous altar of Jiyva.
 32323 | Lair:5   | Shuffle card: Str 21[26], Int 5[8], Dex 16[19]
 32345 | Lair:5   | Noticed an eldritch tentacle
 32364 | Lair:5   | Killed an eldritch tentacle
 32420 | Lair:5   | Gained mutation: You evolve. [helix card]
 32519 | Spider:1 | Entered Level 1 of the Spider Nest
 32531 | Spider:1 | Noticed Maud
 32553 | Spider:1 | Killed Maud
 33413 | Spider:1 | Received a gift from Okawaru
 34454 | Spider:2 | Reached XP level 16. HP: 132/147 MP: 27/27
 34978 | Spider:2 | Lost mutation: You evolve. [evolution]
 36453 | Spider:3 | Reached skill level 15 in Fighting
 36453 | Spider:3 | Reached skill level 15 in Long Blades
 37772 | Spider:4 | Received a gift from Okawaru
 38265 | Spider:5 | Entered Level 5 of the Spider Nest
 38523 | Lair:6   | Gained mutation: Your body is slowly deteriorating. [potion of mutation]
 38523 | Lair:6   | Gained mutation: You evolve. [potion of mutation]
 38523 | Lair:6   | Gained mutation: You are robust (+10% HP). [potion of mutation]
 38524 | Lair:6   | Lost mutation: Your body is slowly deteriorating. [potion of cure mutation]
 38524 | Lair:6   | Lost mutation: You are robust (+10% HP). [potion of cure mutation]
 38524 | Lair:6   | Lost mutation: You evolve. [potion of cure mutation]
 38527 | Lair:6   | Gained mutation: You possess an exceptional clarity of mind. [potion of beneficial mutation]
 38766 | Spider:5 | Noticed Frances
 38788 | Spider:5 | Killed Frances
 39882 | Spider:5 | Reached XP level 17. HP: 90/156 MP: 1/29
 39899 | Spider:5 | Got a gossamer rune of Zot
 40160 | Spider:5 | Received a gift from Okawaru
 41014 | Shoals:1 | Entered Level 1 of the Shoals
 42350 | Shoals:2 | Received a gift from Okawaru
 42351 | Shoals:2 | Got a pair of encrusted boots {god gift}
 43091 | Shoals:2 | Reached skill level 15 in Shields
 43578 | Shoals:3 | Identified the +0 pair of boots of Abstinence {rC++ rN+ Dex-3 SInv} (Okawaru gifted it to you on level 2 of the Shoals)
 43768 | Shoals:3 | Noticed Mara
 43799 | Shoals:3 | Noticed Herrn's illusion
 43810 | Shoals:3 | Killed Mara
 43823 | Shoals:3 | Noticed Herrn's illusion
 43862 | Shoals:3 | Killed Herrn's illusion
 44006 | Shoals:3 | Noticed Herrn's illusion
 44039 | Shoals:3 | Killed Herrn's illusion
 44227 | Shoals:3 | Reached skill level 16 in Fighting
 44325 | Shoals:3 | Killed Mara
 45937 | Shoals:5 | Entered Level 5 of the Shoals
 45985 | Shoals:5 | Received a gift from Okawaru
 45995 | Shoals:5 | Got a faintly humming robe
 46014 | Shoals:5 | Identified the +2 robe "Juhafrei" {Dex+3 Dam+5} (You found it on level 5 of the Shoals)
 46586 | Shoals:5 | Reached XP level 18. HP: 152/168 MP: 31/31
 46725 | Shoals:5 | Got a barnacled rune of Zot
 47104 | Shoals:5 | Learned a level 9 spell: Dragon's Call
 47176 | Shoals:5 | Noticed Ilsuiw
 47814 | Shoals:5 | Noticed Kirke
 47832 | Shoals:5 | Killed Kirke
 48184 | Shoals:5 | Killed Ilsuiw
 48493 | Shoals:5 | Learned a level 5 spell: Summon Forest
 48989 | Elf:1    | Entered Level 1 of the Elven Halls
 49005 | Elf:1    | Reached skill level 1 in Summonings
 49079 | Elf:1    | Found a flickering gateway to a bazaar.
 49100 | Bazaar   | Entered a bazaar
 49100 | Bazaar   | Found Prawoimm's Antique Weapon Boutique.
 49100 | Bazaar   | Found Xaoq's Distillery.
 49101 | Bazaar   | Found Praawuin's Assorted Antiques.
 49102 | Bazaar   | Found Joim's Distillery.
 49102 | Bazaar   | Found Dabiddepp's Magic Scroll Shop.
 49131 | Bazaar   | Dabiddepp's Magic Scroll Shop was a mimic.
 49146 | Bazaar   | Bought a scroll of acquirement for 1300 gold pieces
 49146 | Bazaar   | Bought a murky brown potion for 22 gold pieces
 49146 | Bazaar   | Bought a thick lapis lazuli amulet for 125 gold pieces
 49146 | Bazaar   | Bought a thick bone amulet for 125 gold pieces
 49150 | Bazaar   | Got a flickering graven amulet
 49151 | Bazaar   | Identified the amulet "Hosauc" {Cons Dex+3 Int+3 Acc+2} (You acquired it in a bazaar)
 49170 | Bazaar   | Bought a potion of mutation for 22 gold pieces
 49170 | Bazaar   | Bought 2 potions of mutation for 45 gold pieces
 49214 | Elf:1    | Noticed Urug
 49224 | Elf:1    | Killed Urug
 49374 | Elf:1    | Gained mutation: You tend to lose your temper in combat. [potion of mutation]
 49374 | Elf:1    | Gained mutation: You have a somewhat thin skeletal structure (Dex +2, Stealth). [potion of mutation]
 49374 | Elf:1    | Gained mutation: Your skin changes colour to match your surroundings (Stlth). [potion of mutation]
 49375 | Elf:1    | Gained mutation: You are somewhat resistant to further mutation. [potion of mutation]
 49375 | Elf:1    | Gained mutation: You can spit poison. [potion of mutation]
 49444 | Elf:1    | Noticed Azrael
 49470 | Elf:1    | Killed Azrael
 49799 | Elf:2    | Found Fiafod's Book Shoppe.
 49816 | Elf:2    | Found Ycunigoh's Food Boutique.
 49825 | Elf:2    | Found Ofuacoott's Magic Scroll Boutique.
 49843 | Elf:2    | Bought a scroll of acquirement for 676 gold pieces
 49850 | Elf:2    | Got a faintly glowing cloak
 49853 | Elf:2    | Identified the +2 cloak of Qeotynu {Str+3 Dex-2} (You acquired it on level 2 of the Elven Halls)
 49865 | Elf:2    | Noticed Wiglaf
 49886 | Elf:2    | Killed Wiglaf
 50112 | Elf:2    | Reached skill level 17 in Long Blades
 50218 | Elf:2    | Received a gift from Okawaru
 50289 | Elf:2    | Found Iriadd's Distillery.
 50369 | Elf:2    | Found Grufuc's Weapon Shop.
 50612 | Elf:3    | Entered Level 3 of the Elven Halls
 51177 | Elf:3    | Killed from afar by a deep elf annihilator

Action                   |  1- 3 |  4- 6 |  7- 9 | 10-12 | 13-15 | 16-18 || total
-------------------------+-------+-------+-------+-------+-------+-------++-------
Melee: Long sword        |   109 |    60 |       |       |       |       ||   169
       Falchion          |       |   101 |   346 |   728 |  2081 |   838 ||  4094
       Unarmed           |       |     8 |       |       |       |       ||     8
       Scimitar          |       |       |       |       |   134 |       ||   134
       Demon blade       |       |       |       |       |       |  1372 ||  1372
Invok: Heroism           |       |       |       |     7 |    16 |    22 ||    45
       Finesse           |       |       |       |     1 |     4 |     7 ||    12
 Abil: Spit Poison       |       |       |       |       |       |     1 ||     1
Evoke: Wand              |       |     1 |     5 |    10 |     9 |     8 ||    33
       Deck              |       |       |       |       |     5 |       ||     5
  Use: Scroll            |       |     7 |    18 |    10 |    25 |    28 ||    88
       Potion            |       |     1 |     2 |     8 |     3 |    21 ||    35
 Stab: Distracted        |       |       |       |       |       |     1 ||     1
       Held in net/web   |       |       |       |       |       |     1 ||     1
       Invisible         |       |       |       |       |       |     3 ||     3
